 Dungeon Crawl Stone Soup version 0.29.1-15-g9cfb28693d (webtiles) character file.

Game seed: 10704924662451401043

53839 Exodus22XD the Alchemist (level 14, -3/56 HPs)
             Began as a Felid Summoner on Apr 15, 2023.
             Was an Initiate of Gozag.
             Killed from afar by a thorn hunter (22 damage)
             ... with a volley of thorns
             ... on level 4 of the Swamp.
             The game lasted 03:54:11 (28066 turns).

Exodus22XD the Alchemist (Felid Summoner)          Turns: 28066, Time: 03:54:12

Health: -3/56      AC: 16    Str:  7    XL:     14   Next: 32%
Magic:  14/41      EV: 24    Int: 21    God:    Gozag
Gold:   2401       SH:  0    Dex: 17    Spells: 2/39 levels left
                                        Lives:  0   Deaths: 3

rFire   . . .      SeeInvis +     - Unarmed
rCold   . . .      Faith    .   (shield unavailable)
rNeg    . . .      Spirit   .   (body armour unavailable)
rPois   ∞          Reflect  .   (helmet unavailable)
rElec   +          Harm     .   (cloak unavailable)
rCorr   .          Rampage  .   (gloves unavailable)
Will    ++...                   (boots unavailable)
Stlth   ++........              h - amulet "Tiduq" {RegenMP Str+3}
HPRegen 0.18/turn               D - ring of magical power
MPRegen 0.67/turn               w - ring of poison resistance

@: storm-form, wereblooded, flying, studying Necromancy
A: cleaving, insubstantial, flying, very small, (claws 1), (fangs 3), see
invisible, (speed 1), (shaggy fur 3), (stealthy paws), no weapons or thrown
items, no armour, multi-lived
a: Blinkbolt, End Transformation, Renounce Religion, Potion Petition, Call
Merchant, Bribe Branch


You were on level 4 of the Swamp.
You worshipped Gozag.
Gozag was most pleased with you.
You were a lightning-filled tempest!
You visited 5 branches of the dungeon, and saw 25 of its levels.
You also visited: Ossuary.

You collected 8476 gold pieces.
You spent 4121 gold pieces at shops.
You paid 1954 gold pieces to Gozag.

Inventory:

Jewellery
 h - the amulet "Tiduq" (around neck) {RegenMP Str+3}
   (You bought it in a shop on level 4 of the Dungeon)

   [amulet of magic regeneration]

   It increases your rate of magic regeneration.
   Str:       It affects your strength (+3).
 o - a ring of resist corrosion
 r - a ring of flight
 s - a ring of ice
 w - a ring of poison resistance (right paw)
 x - a ring of positive energy
 C - a ring of protection from fire
 D - a ring of magical power (left paw)
 G - a ring of willpower
 K - a +6 ring of dexterity
 L - a ring of fire
Wands
 g - a wand of roots (7)
 l - a wand of flame (10)
 A - a wand of acid (7)
 B - a wand of charming (20)
Scrolls
 f - 3 scrolls of poison
 j - 4 scrolls of blinking
 m - 8 scrolls of teleportation
 n - 3 scrolls of immolation
 t - a scroll of magic mapping
 v - 4 scrolls of vulnerability
 y - 2 scrolls of torment
 F - a scroll of identify
 H - a scroll of summoning
 I - a scroll of silence
 J - 2 scrolls of fear
Potions
 a - a potion of magic
 b - 4 potions of berserk rage
 c - 2 potions of resistance
 d - 4 potions of might
 e - 4 potions of lignification
 i - 12 potions of curing
 k - a potion of cancellation
 p - 7 potions of flight
 q - 2 potions of invisibility
 u - 2 potions of brilliance
 z - 2 potions of mutation
 E - 2 potions of haste


   Skills:
 * Level 3.7 Fighting
 * Level 4.1 Dodging
 - Level 2.6 Stealth
 * Level 4.1 Unarmed Combat
 - Level 13.0 Spellcasting
 - Level 5.0 Hexes
 - Level 10.0 Summonings
 - Level 10.0 Translocations
 * Level 15.5 Transmutations
 - Level 14.8 Air Magic
 - Level 0.4 Evocations


You had 2 spell levels left.
You knew the following spells:

 Your Spells              Type           Power      Damage    Failure   Level
a - Wereblood             Tmut           68%        N/A       0%          2
b - Blink                 Tloc           100%       N/A       1%          2
c - Call Canine Familiar  Summ           53%        N/A       1%          3
d - Summon Guardian Gole  Hex/Summ       45%        N/A       1%          3
e - Summon Lightning Spi  Summ/Air       60%        N/A       1%          4
f - Summon Forest         Summ/Tloc      26%        N/A       2%          5
g - Storm Form            Tmut/Air       33%        N/A       8%          7
h - Manifold Assault      Tloc           53%        N/A       2%          5
i - Summon Cactus Giant   Summ           26%        N/A       12%         6

Your spell library contained the following spells:

 Spells                   Type           Power      Damage    Failure   Level
 Beastly Appendage        Tmut           100%       N/A       0%          1
 Sting                    Tmut/Pois      100%       1d8       1%          1
 Summon Small Mammal      Summ           100%       N/A       1%          1
 Call Imp                 Summ           53%        N/A       1%          2
 Poisonous Vapours        Pois/Air       88%        N/A       1%          2
 Sublimation of Blood     Necr           13%        N/A       7%          2
 Gell's Gravitas          Tloc           53%        N/A       1%          3
 Lesser Beckoning         Tloc           53%        N/A       1%          3
 Spider Form              Tmut/Pois      46%        N/A       1%          3
 Teleport Other           Tloc           53%        N/A       1%          3
 Passage of Golubria      Tloc           53%        N/A       1%          4
 Dazzling Flash           Conj/Hex       48%        N/A       4%          3
 Alistair's Intoxication  Tmut/Pois      30%        N/A       5%          5
 Cause Fear               Hex            17%        N/A       6%          4
 Iskenderun's Mystic Bla  Conj/Tloc      34%        2d8       6%          4
 Summon Mana Viper        Hex/Summ       45%        N/A       6%          5
 Dragon Form              Tmut           34%        N/A       7%          7
 Dispersal                Tloc           26%        N/A       12%         6
 Ozocubu's Armour         Ice            13%        N/A       14%         3
 Anguish                  Hex/Necr       12%        N/A       17%         4
 Freezing Cloud           Conj/Ice/Air   17%        6-21      17%         5
 Dispel Undead            Necr           13%        3d9       43%         4
 Olgreb's Toxic Radiance  Pois           13%        N/A       43%         4
 Metabolic Englaciation   Hex/Ice        12%        N/A       43%         5
 Summon Hydra             Summ           26%        N/A       54%         7
 Maxwell's Capacitive Co  Air            33%        ∞         56%         8
 Enfeeble                 Hex            17%        N/A       99%         7
 Haunt                    Necr/Summ      17%        N/A       99%         7
 Death Channel            Necr           6%         N/A       100%        6
 Starburst                Conj/Fire      6%         6d4       100%        6
 Infestation              Necr           6%         N/A       100%        8
 Dragon's Call            Summ           26%        N/A       100%        9
 Corpse Rot               Necr/Pois/Air  Unusable   N/A       N/A         4
 Animate Dead             Necr           Unusable   N/A       N/A         4
 Simulacrum               Ice/Necr       Unusable   N/A       N/A         6

Dungeon Overview and Level Annotations

Branches:
Dungeon (13/15)            Temple (1/1) D:4            Lair (5/5) D:9
  Swamp (4/4) Lair:2       Spider (0/4) Lair:2        Slime (0/5) Lair:4
    Orc (2/2) D:12            Elf (0/3) Orc:2        Vaults (0/5) D:13
Ossuary (visited)

Altars:
Ashenzari
Cheibriados
Dithmenos
Elyvilon
Fedhas
Gozag
Hepliaklqana
Kikubaaqudgha
Makhleb
Nemelex Xobeh
Okawaru
Qazlal
Ru
Sif Muna
Trog
Uskayaw
Vehumet
Wu Jian
Yredelemnul
Zin
The Shining One
Lugonu

Shops:
D:4 =   D:5 *   D:8 =(   D:12 :   D:13 *   Orc:2 [=   Lair:1 :   Lair:3 :
Swamp:3 =

Portals:
Abyss: Lair:5

Annotations:
D:6 1 runed translucent door, Crazy Yiuf
D:11 2 transporters, SharpKris's ghost, journeyman GnBe
Lair:1 exclusion: oklob plant
Lair:4 1 runed translucent door
Swamp:1 1 runed translucent door, MrZuerg's ghost, journeyman HOFi
Orc:2 Saint Roka


Innate Abilities, Weirdness & Mutations

You are a lightning-filled tempest!
Your electrical attacks strike out in all directions at once.
You are incredibly evasive.
Your insubstantial body is immune to petrification, constriction, and being set on fire You are flying.
You are immune to poison.
((You have sharp claws.))
((You have razor-sharp teeth.))
You have supernaturally acute eyesight. (SInv)
((You cover ground quickly. (Speed+)))
((Your thick and shaggy fur keeps you warm. (AC +3, rC+)))
((Your paws help you pounce on unaware monsters.))
You are incapable of wielding weapons or throwing items.
You cannot wear armour.
You gain extra lives every three experience levels.


Message History

Confirm with . or Enter, or press ? or * to list all spells.
Space momentarily warps into an impossible shape!
You buffet the thorn hunter!
Casting: Manifold Assault (dangerous; 2% risk of failure)
Confirm with . or Enter, or press ? or * to list all spells.
Space momentarily warps into an impossible shape!
You buffet the thorn hunter!
Lightning courses through the thorn hunter!!
Casting: Manifold Assault (dangerous; 2% risk of failure)
Confirm with . or Enter, or press ? or * to list all spells.
Space momentarily warps into an impossible shape!
You barely miss the thorn hunter.
The thorn hunter fires a volley of thorns at you.
The volley of thorns hits you!
Casting: Manifold Assault (dangerous; 2% risk of failure)
Confirm with . or Enter, or press ? or * to list all spells.
Space momentarily warps into an impossible shape!
You hit the thorn hunter. You hit the thorn hunter.
The thorn hunter is moderately damaged.
The thorn hunter completely misses you. x2
Casting: Manifold Assault (dangerous; 2% risk of failure)
Confirm with . or Enter, or press ? or * to list all spells.
Okay, then.
You hit the thorn hunter but do no damage.
The thorn hunter is moderately damaged.
The thorn hunter hits you! The thorn hunter barely misses you.
Casting: Manifold Assault (dangerous; 2% risk of failure)
Confirm with . or Enter, or press ? or * to list all spells.
An electric hum fills the air.
The thorn hunter completely misses you. The thorn hunter hits you!
Casting: Summon Lightning Spire (safe; 1% risk of failure)
Confirm with . or Enter, or press ? or * to list all spells.
The thorn hunter hits you! The thorn hunter closely misses you.
You hit the thorn hunter but do no damage.
The thorn hunter is moderately damaged.
The thorn hunter fires a volley of thorns at you.
The volley of thorns hits you!!
You die...
Your body crumbles into a pile of gold.

.~~~§~
♣.~~~~~
~~~~~~ .~~..
♣♣...♣
♣♣♣....♣♣.~
♣.~~.....~~
♣.§vf.~§§.~
♣h<♣♣.~~.♣♣
♣~.8.♣ ♣♣♣♣
♣...~~~
♣~.~~..~
♣...♣.~~~
~.~~~..~~~♣
~~..§..~~~.♣
~~....~~~~~♣


You could see a thorn hunter (ally target), a friendly wolf (summoned) and a
friendly lightning spire (summoned).

Vanquished Creatures
  A fenstrider witch (Swamp:2)
  An eleionoma (Swamp:2)
  Fannar (Lair:2)
  A ghost crab (Swamp:3)
  2 alligators
  2 goliath frogs
  A spriggan druid (Swamp:3)
  A deep elf pyromancer (D:13)
  2 will-o-the-wisps (Swamp:2)
  A manticore (D:12)
  4 tyrant leeches
  3 hornets
  2 yaks (Lair:2)
  2 spriggans
  A basilisk (Lair:2)
  A water moccasin (Lair:2)
  8 swamp worms
  An orc warrior (Orc:2)
  A black bear (D:5)
  A scorpion (D:5)
  3 electric eels (Lair:2)
  4 orc priests
  2 orc wizards
  3 orcs (Orc:2)
  2 ball pythons
51 creatures vanquished.

Vanquished Creatures (collateral kills)
  A tentacled monstrosity (Swamp:3)
  Frances (Swamp:1)
  Donald (Swamp:3)
  A thorn hunter (Swamp:2)
  A fenstrider witch (Swamp:3)
  An eleionoma (Swamp:3)
  A bunyip (Swamp:1)
  Snorg (Lair:3)
  An ettin (D:13)
  A boulder beetle (D:11)
  5 hydras
  3 vault guards (D:13)
  2 two-headed ogres
  An ogre mage (D:12)
  A centaur warrior (D:12)
  A ghost crab (Swamp:3)
  4 alligators
  4 orc high priests
  2 thrashing horrors (Lair:5)
  5 death yaks (Lair:3)
  Amaemon (Lair:3)
  A goliath frog (Swamp:1)
  A spriggan druid (Swamp:1)
  4 bog bodies
  Pikel (D:6)
  A swamp dragon (Swamp:1)
  2 large abominations (Lair:5)
  2 orc knights
  A deep elf pyromancer (D:12)
  5 orc sorcerers
  6 ugly things
  A cyclops (D:13)
  A will-o-the-wisp (Swamp:1)
  2 black mambas (Lair:5)
  A guardian serpent (shapeshifter) (Lair:5)
  A smoke demon (Lair:5)
  An orange demon (Lair:3)
  A gargoyle (D:13)
  2 torpor snails (Lair:5)
  3 rime drakes
  9 cane toads
  6 komodo dragons
  2 unseen horrors (D:11)
  An ancient zyme (Lair:5)
  A tarantella (shapeshifter) (Lair:5)
  2 tyrant leeches
  A bloated husk (Swamp:1)
  A polar bear (Lair:2)
  3 trolls
  4 hornets
  23 blink frogs
  A jumping spider (Lair:2)
  3 culicivoras (Lair:2)
  A ynoxinul (Lair:5)
  A shadow (D:12)
  6 spriggans
  37 yaks
  A vampire (D:13)
  6 humans (D:13)
  2 chaos spawn (Lair:5)
  2 wyverns
  2 wraiths (D:11)
  3 redbacks (Lair:2)
  4 vampire mosquitoes
  6 basilisks
  A redback (shapeshifter) (Lair:5)
  An acid dragon (D:13)
  3 swamp worms
  2 wargs
  11 water moccasins
  25 orc warriors
  A sky beast (D:8)
  2 ice beasts
  10 wolves
  5 ogres
  A black bear (D:6)
  5 centaurs
  A lemure (D:6)
  3 phantoms (D:12)
  9 bullfrogs
  2 scorpions
  3 gnoll sergeants (D:11)
  A necrophage (D:7)
  8 wights
  2 troll zombies (D:12)
  3 killer bees (D:8)
  3 howler monkeys
  4 small abominations (Lair:5)
  5 jellies
  15 orc priests
  2 hounds (D:5)
  A human zombie (Ossuary)
  3 iguanas
  36 orc wizards
  4 ogre zombies (D:12)
  4 mummies (Ossuary)
  19 gnolls
  6 adders
  2 shadow imps
  2 ufetubi
  An adder zombie (Ossuary)
  2 dart slugs (D:1)
  85 orcs
  8 ball pythons
  6 bats
  5 endoplasms (D:2)
  2 giant cockroaches
  6 goblins
  12 hobgoblins
  3 jackals (D:2)
  14 kobolds
  4 quokkas
  2 frilled lizards
  A gnoll zombie (Ossuary)
  A goblin skeleton (D:12)
  4 goblin zombies (D:12)
  A hobgoblin skeleton (D:12)
  4 hobgoblin zombies
  3 jackal zombies (Ossuary)
  4 orc skeletons (D:12)
  9 orc zombies
  A rat (D:1)
  2 rat zombies (Ossuary)
  8 briar patches (Swamp:2)
  2 bushes (Lair:3)
599 creatures vanquished.

Vanquished Creatures (others)
  Rupert (Orc:2)
  A vault guard (D:13)
  3 hydras
  3 alligators
  2 catoblepae
  2 two-headed ogres
  Urug (Lair:3)
  A thrashing horror (Lair:5)
  An orc knight (Orc:2)
  A cyclops (D:12)
  2 black mambas
  A cane toad (Lair:3)
  Maggie (D:7)
  A kobold demonologist (D:10)
  A komodo dragon (Lair:3)
  2 bloated husks (Swamp:3)
  4 blink frogs
  2 spriggans
  2 wyverns
  14 yaks
  A redback (Lair:2)
  5 vampire mosquitoes
  2 humans (D:13)
  Edmund (D:6)
  A warg (Orc:2)
  2 orc warriors
  A wolf (Lair:4)
  A kobold brigand (D:7)
  A small abomination (Lair:5)
  A wight (D:7)
  3 gnolls (D:5)
  2 orcs (Orc:2)
  6 foxfires
  46 fungi
  53 plants
  16 snaplasher vines
  3 toadstools (D:11)
191 creatures vanquished.

Grand Total: 841 creatures vanquished

Notes
Turn   | Place    | Note
-------+----------+-------------------------------------------
     0 | D:1      | Exodus22XD the Felid Summoner began the quest for the Orb.
     0 | D:1      | Reached XP level 1. HP: 7/7 MP: 4/4
   336 | D:1      | Reached XP level 2. HP: 9/11 MP: 4/6
   339 | D:1      | Learned a level 2 spell: Call Imp
   632 | D:1      | Reached XP level 3. HP: 4/14 MP: 4/7
   636 | D:1      | Learned a level 3 spell: Call Canine Familiar
  1129 | D:2      | Reached skill level 5 in Summonings
  1189 | D:2      | Found a faded altar of an unknown god.
  1207 | D:2      | Reached XP level 4. HP: 11/18 MP: 4/9
  1708 | D:3      | Learned a level 3 spell: Summon Guardian Golem
  1892 | D:3      | Reached skill level 1 in Hexes
  1955 | D:3      | Identified the +6 dagger of Big Damage {flame, rF+}
  2000 | D:3      | Reached XP level 5. HP: 11/21 MP: 4/10
  2682 | D:4      | Gained mutation: You are covered in thick fur. (AC +2)
                  | [Felid growth]
  2682 | D:4      | Reached XP level 6. HP: 24/24 MP: 5/12
  2799 | D:4      | Found a staircase to the Ecumenical Temple.
  2822 | Temple   | Entered the Ecumenical Temple
  2876 | Temple   | Became a worshipper of Gozag Ym Sagoz the Greedy
  3060 | D:4      | Found Moask's Jewellery Emporium.
  3115 | D:4      | Learned a level 4 spell: Summon Lightning Spire
  3152 | D:5      | Entered Level 5 of the Dungeon
  3185 | D:5      | Found a basalt altar of Yredelemnul.
  3188 | D:5      | Found a broken altar of Ashenzari.
  3188 | D:5      | Found a stormy altar of Qazlal.
  3188 | D:5      | Found a radiant altar of Vehumet.
  3355 | D:5      | Reached skill level 1 in Air Magic
  3366 | D:5      | Reached XP level 7. HP: 22/27 MP: 2/14
  3626 | D:5      | Reached skill level 5 in Spellcasting
  4037 | D:5      | Found Erifov's Mass Market.
  4481 | D:6      | Reached XP level 8. HP: 31/31 MP: 8/17
  4542 | D:6      | Found a sand-covered staircase.
  4561 | D:6      | Noticed Edmund
  4571 | D:6      | Reached skill level 5 in Hexes
  4661 | Ossuary  | Entered an ossuary
  4946 | Ossuary  | Identified the +2 robe of the Volcano {Dex+7 Slay-6}
  5049 | D:6      | Killed Edmund
  5102 | D:6      | Found a runed translucent door.
  5105 | D:6      | Noticed Crazy Yiuf
  5222 | D:6      | Noticed Pikel
  5878 | D:6      | Killed Pikel
  6226 | D:7      | Reached XP level 9. HP: 34/34 MP: 11/20
  6670 | D:7      | Noticed Maggie
  6696 | D:7      | Killed Maggie
  6918 | D:8      | Noticed a troll
  6933 | D:8      | Found Higopam's Jewellery Boutique.
  7085 | D:8      | Killed a troll
  7086 | D:8      | Reached skill level 5 in Air Magic
  7139 | D:8      | Found Wacom's Weapon Emporium.
  7311 | D:8      | Reached XP level 10. HP: 37/37 MP: 19/23
  7742 | D:9      | Learned a level 7 spell: Dragon Form
  7765 | D:9      | Reached skill level 1 in Transmutations
  7912 | D:9      | Noticed a two-headed ogre
  7923 | D:9      | Killed a two-headed ogre
  7924 | D:9      | Reached skill level 4 in Transmutations
  7995 | D:9      | Found a staircase to the Lair.
  8036 | D:9      | Noticed a two-headed ogre
  8050 | D:9      | Killed a two-headed ogre
  8051 | D:9      | Reached skill level 5 in Transmutations
  8373 | D:9      | Reached skill level 6 in Transmutations
  8377 | D:9      | Reached skill level 7 in Transmutations
  8819 | D:10     | Entered Level 10 of the Dungeon
  8861 | D:10     | Found a hazy altar of Hepliaklqana.
  8880 | D:10     | Noticed a sun demon
  8883 | D:10     | Reached skill level 8 in Transmutations
  9020 | D:10     | Found a glowing silver altar of Zin.
  9025 | D:10     | Found a bloodstained altar of Trog.
  9026 | D:10     | Found a burning altar of Makhleb.
  9029 | D:10     | Found a snail-covered altar of Cheibriados.
  9084 | D:10     | Killed from afar by an orc wizard
  9085 | D:10     | Reached XP level 9. HP: -1/34 MP: 14/22
  9552 | D:10     | Reached skill level 9 in Transmutations
  9564 | D:10     | Reached XP level 10. HP: 29/37 MP: 7/23
  9973 | Lair:1   | Entered Level 1 of the Lair of Beasts
  9978 | Lair:1   | Bought a book of the Wilderness for 570 gold pieces
  9984 | Lair:1   | Learned a level 5 spell: Summon Forest
 10003 | Lair:1   | Reached skill level 1 in Translocations
 10067 | Lair:1   | Reached skill level 10 in Summonings
 10460 | Lair:1   | Noticed a cane toad
 10467 | Lair:1   | Killed a cane toad
 10760 | Lair:1   | Found a blossoming altar of Fedhas.
 10778 | Lair:1   | Noticed an oklob plant
 10942 | Lair:2   | Noticed Fannar
 10942 | Lair:2   | Noticed a catoblepas
 10944 | Lair:2   | Reached skill level 10 in Spellcasting
 10944 | Lair:2   | Reached skill level 5 in Translocations
 10944 | Lair:2   | Reached XP level 11. HP: 40/40 MP: 9/26
 10955 | Lair:2   | Killed Fannar
 11133 | Lair:2   | Noticed a five-headed hydra
 11187 | Lair:1   | Killed a catoblepas
 11378 | Lair:2   | Killed a five-headed hydra
 11777 | Lair:2   | Found a staircase to the Swamp.
 11885 | Lair:2   | Found a hole to the Spider Nest.
 12265 | Lair:3   | Noticed Snorg
 12275 | Lair:3   | Killed Snorg
 12316 | Lair:3   | Noticed a death yak
 12316 | Lair:3   | Noticed a death yak
 12317 | Lair:3   | Noticed a death yak
 12328 | Lair:3   | Noticed a death yak
 12331 | Lair:3   | Killed a death yak
 12332 | Lair:3   | Gained mutation: Your thick and shaggy fur keeps you warm.
                  | (AC +3, rC+) [Felid growth]
 12332 | Lair:3   | Reached XP level 12. HP: 44/44 MP: 2/29
 12333 | Lair:3   | Killed a death yak
 12333 | Lair:3   | Noticed Urug
 12337 | Lair:3   | Killed a death yak
 12633 | Lair:3   | Reached skill level 10 in Translocations
 12676 | Lair:3   | Noticed a death yak
 12691 | Lair:3   | Reached skill level 1 in Unarmed Combat
 12714 | Lair:3   | Killed a death yak
 12715 | Lair:3   | Reached skill level 1 in Fighting
 12721 | Lair:3   | Killed a death yak
 12785 | Lair:3   | Killed Urug
 13044 | Lair:3   | Noticed Amaemon
 13068 | Lair:3   | Killed Amaemon
 13184 | Lair:1   | Bought a book of the Sky for 660 gold pieces
 13193 | Lair:1   | Learned a level 7 spell: Storm Form
 13388 | Lair:4   | Noticed a catoblepas
 13416 | Lair:4   | Killed a catoblepas
 13418 | Lair:4   | Reached skill level 10 in Transmutations
 13705 | Lair:4   | You fall into a shaft and drop 1 floor!
 13705 | Lair:5   | Entered Level 5 of the Lair of Beasts
 13742 | Lair:5   | Noticed a five-headed hydra
 13757 | Lair:5   | Killed a five-headed hydra
 13758 | Lair:5   | Reached XP level 13. HP: 52/52 MP: 18/31
 13859 | Lair:5   | Reached skill level 11 in Transmutations
 14562 | Lair:4   | Found a runed translucent door.
 14566 | Lair:4   | Found a staircase to the Slime Pits.
 15567 | Lair:5   | Got the Book of the Apothecary
 16030 | Lair:5   | Reached skill level 12 in Transmutations
 16533 | Lair:5   | Found a corrupted altar of Lugonu.
 16533 | Lair:5   | Found a one-way gate to the infinite horrors of the Abyss.
 16711 | Lair:5   | Reached skill level 10 in Air Magic
 16978 | D:11     | You fall into a shaft and drop 1 floor!
 17076 | D:12     | Found a staircase to the Orcish Mines.
 17248 | D:12     | Found a frozen archway.
 17654 | D:12     | Identified the +8 chain mail of Precision Catastrophes
                  | {Contam MP+9 Str+3 Int+5}
 17755 | D:12     | Reached XP level 14. HP: 22/56 MP: 31/32
 18421 | D:11     | Found a transporter.
 18421 | D:11     | Found a transporter.
 18421 | D:11     | Noticed SharpKris's ghost (journeyman GnBe)
 19104 | D:12     | Found Duorugis's Tremendous Tomes.
 19113 | D:12     | Bought the Cyclopedia of the Dimensional Assassin for 1092
                  | gold pieces
 19120 | D:12     | Learned a level 5 spell: Manifold Assault
 19360 | Orc:1    | Entered Level 1 of the Orcish Mines
 19876 | Orc:2    | Entered Level 2 of the Orcish Mines
 20334 | Orc:2    | Found a staircase to the Elven Halls.
 20702 | Orc:2    | Noticed Saint Roka
 20735 | Orc:2    | Killed from afar by Saint Roka
 20736 | Orc:2    | Reached XP level 13. HP: -3/52 MP: 10/40
 20756 | Orc:2    | Noticed Rupert
 20766 | Orc:2    | Killed Rupert
 21235 | Orc:2    | Found Okheef's Jewellery Shop.
 21976 | Orc:2    | Found Hoar's Antique Armour Shoppe.
 22084 | Orc:2    | Learned a level 2 spell: Blink
 22469 | D:13     | Found Olitirez's Mayhem Merchandise.
 22886 | D:13     | Found a gate to the Vaults.
 23280 | D:13     | Noticed an ettin
 23563 | D:13     | Killed an ettin
 23564 | D:13     | Reached XP level 14. HP: 56/56 MP: 19/32
 24002 | Lair:3   | Bought a manual of Necromancy for 1280 gold pieces
 24450 | D:4      | Bought the amulet "Tiduq" {RegenMP Str+3} for 519 gold
                  | pieces
 24650 | Lair:2   | Learned a level 2 spell: Wereblood
 24653 | Swamp:1  | Entered Level 1 of the Swamp
 24660 | Swamp:1  | Found a runed translucent door.
 24664 | Swamp:1  | Noticed MrZuerg's ghost (journeyman HOFi)
 24730 | Swamp:1  | Mangled by a goliath frog
 24731 | Swamp:1  | Reached XP level 13. HP: -8/52 MP: 13/40
 24737 | Swamp:1  | Noticed a bunyip
 24741 | Swamp:1  | Killed a bunyip
 24742 | Swamp:1  | Reached skill level 13 in Transmutations
 25055 | Swamp:1  | Learned a level 6 spell: Summon Cactus Giant
 25133 | Swamp:1  | Noticed Frances
 25368 | Swamp:2  | Noticed an eleionoma
 25380 | Swamp:2  | Killed an eleionoma
 26678 | Swamp:2  | Noticed a fenstrider witch
 26682 | Swamp:2  | Noticed a thorn hunter
 26689 | Swamp:2  | Killed a fenstrider witch
 26695 | Swamp:2  | Killed a thorn hunter
 26995 | Swamp:1  | Killed Frances
 26996 | Swamp:1  | Reached skill level 14 in Transmutations
 27267 | Swamp:3  | Noticed an eleionoma
 27276 | Swamp:3  | Reached XP level 14. HP: 38/56 MP: 8/32
 27399 | Swamp:3  | Noticed a tentacled monstrosity
 27417 | Swamp:3  | Killed a tentacled monstrosity
 27423 | Swamp:3  | Reached skill level 15 in Transmutations
 27520 | Swamp:3  | Noticed Donald
 27529 | Swamp:3  | Killed Donald
 27566 | Swamp:3  | Noticed a fenstrider witch
 27572 | Swamp:3  | Killed a fenstrider witch
 28056 | Swamp:4  | Entered Level 4 of the Swamp
 28056 | Swamp:4  | Noticed a thorn hunter
 28066 | Swamp:4  | Killed from afar by a thorn hunter

Illustrated notes

Levels and vault maps discovered:
D:1:      dpeg_cavernosity, layout_loops_ring
D:2:      layout_loops_ring, ebering_ecumenical_altar_rust
D:3:      layout_basic
D:4:      layout_basic, minmay_temple_entry_junction, serial_shops, shop,
          minmay_tree_intersection, minmay_starry_boxes
D:5:      layout_basic, grunt_temple_overflow_open, minmay_shop_mass
D:6:      layout_cave_pods, nicolae_ossuary_entry_monument, uniq_edmund,
          uniq_pikel, uniq_crazy_yiuf_cottage
D:7:      nicolae_BIG_FREAKIN_CUBE, layout_rooms, xom_confusion_cloud,
          grunt_ministairs_2, serial_bayou_pond_a, uniq_maggie
D:8:      layout_basic, serial_shops, shop, minmay_shop_grid_forest
D:9:      layout_layer_cave, lair_entry_dummy
D:10:     minmay_goldmine, layout_stronghold, minitemple,
          nicolae_hepliaklqana_hazy_memory
D:11:     layout_basic, gammafunk_ghost_hive, minmay_gold_behind_fungi
D:12:     layout_basic, zombieorc1_lemuel, portal_ice_cave_entry_pillars_1,
          nicolae_shop_i_like_big_books, minivault_20
D:13:     layout_stronghold, ximxim_vaults_locker_room, minmay_shop_mayhem,
          kennysheep_island_fort
Temple:   nicolae_temple_godzebo
Lair:1:   layout_roguey, tgw_fedhas, lemuel_fruit_tree
Lair:2:   layout_hall_layers, minmay_swamp_entry_reptiles,
          nicolae_spider_entry_tight_spaces, disabler_island,
          grunt_megastairs_4, uniq_fannar
Lair:3:   layout_chaotic_city, infiniplex_staircase_pool_2,
          serial_bayou_shore_b, uniq_snorg, uniq_amaemon, uniq_urug
Lair:4:   layout_loops_ring, slime_entry_2, grunt_megastairs_5
Lair:5:   hellmonk_lair_end_abyssal_woods, layout_regular_city
Swamp:1:  layout_falls_marsh, hellmonk_ghost_happy_afterlife,
          nicolae_swamp_rocky_clearing, swamp_pool4,
          nicolae_swamp_well_well_well, uniq_frances
Swamp:2:  layout_basic_swamp, evilmike_swamp_ruin_house_3, swamp_pool3,
          nicolae_swamp_necromancy_gone_wrong
Swamp:3:  layout_basic_swamp, evilmike_swamp_ruin_house_4, uniq_donald
Swamp:4:  nzn_swamp_witches_coven, layout_basic_swamp
Orc:1:    layout_diamond_mine
Orc:2:    grunt_orc_community_town_hall, layout_caves,
          grunt_orc_community_big_house_2, grunt_orc_community_big_house_2,
          grunt_orc_community_house_2, grunt_orc_community_house_1,
          grunt_orc_community_house_3, grunt_orc_community_house_2,
          grunt_orc_community_house_2, basic_altar, uniq_rupert

Skill      XL: |  1  2  3  4  5  6  7  8  9 10 11 12 13 14 |
---------------+-------------------------------------------+-----
Dodging        | 3 4 |  4.1
Summonings     | 5 6 8 9 10 | 10.0
Spellcasting   | 3 4 5 6 8 10 12 13 | 13.0
Hexes          | 1 2 3 4 5 |  5.0
Air Magic      | 1 2 3 5 6 14 12 | 14.8
Transmutations | 9 8 10 14 15 | 15.5
Translocations | 5 8 10 | 10.0
Unarmed Combat | 4 |  4.1
Fighting       | 3 |  3.7
Stealth        | |  2.6
Evocations     | |  0.4

Action                   |  1- 3 |  4- 6 |  7- 9 | 10-12 | 13-15 || total
-------------------------+-------+-------+-------+-------+-------++-------
Melee: Unarmed           |     5 |     1 |     4 |     1 |   157 ||   168
       Bite              |       |       |     1 |       |     1 ||     2
       Punch             |       |       |       |       |     3 ||     3
 Cast: Summon Small Mamm |    33 |    35 |    18 |       |     3 ||    89
       Call Imp          |     6 |     4 |    15 |       |       ||    25
       Call Canine Famil |     2 |    19 |    43 |    50 |    96 ||   210
       Summon Guardian G |       |       |    36 |    51 |    53 ||   140
       Summon Lightning  |       |       |    22 |    56 |   152 ||   230
       Summon Forest     |       |       |       |    15 |    55 ||    70
       Manifold Assault  |       |       |       |       |    48 ||    48
       Storm Form        |       |       |       |       |    20 ||    20
       Summon Cactus Gia |       |       |       |       |     7 ||     7
       Wereblood         |       |       |       |       |    12 ||    12
       Blink             |       |       |       |       |     2 ||     2
Invok: Call Merchant     |       |       |       |     2 |     1 ||     3
 Abil: Blinkbolt         |       |       |       |       |     1 ||     1
Evoke: Wand              |       |     4 |     2 |     5 |     3 ||    14
  Use: Scroll            |       |    10 |     4 |     8 |    20 ||    42
       Potion            |       |       |     1 |     2 |     8 ||    11
 Stab: Sleeping          |       |     1 |       |       |       ||     1
       Distracted        |       |       |       |       |     1 ||     1
Armor: Skin              |     5 |     1 |     4 |       |    27 ||    37
Dodge: Dodged            |    42 |    33 |    61 |    25 |   206 ||   367
